 Dungeon Crawl Stone Soup version 0.29.0-4-gdea44cf6ec (webtiles) character file.

Game seed: 6462089918128100503

87 mtsr the Grasshopper (level 4, -3/38 HPs)
             Began as a Gnoll Warper on Aug 27, 2022.
             Was a Believer of Dithmenos.
             Slain by Terence
             ... wielding a +0 falchion
              (8 damage)
             ... on level 3 of the Dungeon.
             The game lasted 00:05:00 (2569 turns).

mtsr the Grasshopper (Gnoll Warper)                 Turns: 2569, Time: 00:05:01

Health: -3/38      AC:  3    Str:  8 (10) XL:     4   Next: 51%
Magic:  11/11      EV: 12    Int: 12 (15) God:    Dithmenos [**....]
Gold:   144        SH:  0    Dex:  8 (11) Spells: 11/13 levels left

rFire   + . .      SeeInvis .   a - +0 mace
rCold   + . .      Faith    .   (no shield)
rNeg    . . .      Spirit   .   b - +0 leather armour
rPois   +          Reflect  .   (no helmet)
rElec   +          Harm     .   (no cloak)
rCorr   +          Rampage  .   (no gloves)
Will    .....                   (no boots)
Stlth   +.........              (no amulet)
HPRegen 0.12/turn               f - ring of resist corrosion
MPRegen 0.12/turn               (no ring)

@: resistant, wreathed by umbra
A: fangs 1, strong nose, distributed training
a: Renounce Religion, Shadow Step


You were on level 3 of the Dungeon.
You worshipped Dithmenos.
Dithmenos was pleased with you.
You visited 1 branch of the dungeon, and saw 3 of its levels.

You collected 144 gold pieces.

Inventory:

Hand Weapons
 a - a +0 mace (weapon)
Missiles
 d - 7 boomerangs of dispersal (quivered)
Armour
 b - a +0 leather armour (worn)
Jewellery
 f - a ring of resist corrosion (left hand)
 m - a ring of fire
Scrolls
 c - a scroll of blinking
 g - 2 scrolls of teleportation {unknown}
 i - 4 scrolls of identify {unknown}
 n - a scroll of amnesia {unknown}
Potions
 e - a potion of resistance
 h - a potion of degeneration
 j - 2 potions of brilliance {unknown}
 k - 2 potions of heal wounds {unknown}
 l - 2 potions of attraction {unknown}


   Skills:
 + Level 4.7 Fighting
 + Level 1.2 Short Blades
 + Level 1.2 Long Blades
 + Level 1.2 Axes
 + Level 4.7 Maces & Flails
 + Level 1.2 Polearms
 + Level 1.2 Staves
 + Level 1.2 Ranged Weapons
 + Level 2.8 Throwing
 + Level 2.8 Armour
 + Level 4.7 Dodging
 + Level 1.2 Stealth
 + Level 1.2 Shields
 + Level 1.2 Unarmed Combat
 + Level 5.1 Spellcasting
 + Level 1.0 Conjurations
 + Level 1.0 Hexes
 + Level 1.0 Summonings
 + Level 1.0 Necromancy
 + Level 5.5 Translocations
 + Level 1.0 Transmutations
 + Level 1.0 Fire Magic
 + Level 1.0 Ice Magic
 + Level 1.0 Air Magic
 + Level 1.0 Earth Magic
 + Level 1.0 Poison Magic
 + Level 1.3 Invocations
 + Level 1.2 Evocations


You had 11 spell levels left.
You knew the following spells:

 Your Spells              Type           Power      Damage    Failure   Level
a - Blink                 Tloc           32%        N/A       4%          2

Your spell library contained the following spells:

 Spells                   Type           Power      Damage    Failure   Level
 Gell's Gravitas          Tloc           16%        N/A       9%          3
 Lesser Beckoning         Tloc           16%        N/A       9%          3
 Teleport Other           Tloc           16%        N/A       9%          3
 Manifold Assault         Tloc           16%        N/A       63%         5


Dungeon Overview and Level Annotations

Branches:
Dungeon (3/15)

Altars:
Dithmenos

Annotations:
D:3 Terence


Innate Abilities, Weirdness & Mutations

You have very sharp teeth.
Your uncanny sense of smell can sniff out nearby items.
Your experience applies equally to all skills.


Message History

There is an open door here.
Terence and a bat come into view.
Terence is wielding a +0 falchion and wearing a +1 ring mail of cold resistance.
Terence shouts!
Terence misses you.
You hit Terence but do no damage.
A hobgoblin comes into view.
Terence misses you. The bat closely misses you.
The bat attacks as you move away! The bat barely misses you.
The bat closely misses you. The bat hits you but does no damage.
There is an open door here.
You closely miss Terence. Terence hits you with a +0 falchion!
You hit Terence but do no damage. Terence barely misses you.
You hit Terence. Your bite misses Terence.
Terence is lightly wounded.
Terence barely misses you.
You hit Terence but do no damage.
Terence is lightly wounded.
Terence hits you with a +0 falchion. x2
You hit Terence.
Terence is moderately wounded.
Terence hits you with a +0 falchion.
You barely miss Terence. You punch Terence, but do no damage.
Your bite misses Terence.
Terence is moderately wounded.
Terence hits you with a +0 falchion!
You closely miss Terence. Your bite misses Terence.
Terence is moderately wounded.
Terence hits you with a +0 falchion.
* * * LOW HITPOINT WARNING * * *
It was a potion of resistance.
You feel protected. Terence hits you with a +0 falchion.
* * * LOW HITPOINT WARNING * * *
It was a potion of degeneration.
There was something very wrong with that liquid.
You feel weakened.
You feel dopey.
You feel clumsy. Terence hits you with a +0 falchion!
You die...

######'##########....r..#
#.....†......#r....#
#######......##rr##.#
#### #.####.# ### ∆
#...####'####... ∆
+.....#....##..... ∆
#...#.#....##......#
##....b@....##......#
....<#.#@...##......#
.....#@#######......#
..............g.
................
................
................
...###.......... ##.
######..... # .....


You could see Terence and a bat.

Vanquished Creatures
  5 adders
  2 worms (D:2)
  2 dart slugs (D:2)
  A ball python (D:2)
  3 bats
  A giant cockroach (D:3)
  3 goblins (D:2)
  2 quokkas
  2 frilled lizards
  2 kobolds
  18 rats
41 creatures vanquished.

Notes
Turn   | Place    | Note
-------+----------+-------------------------------------------
     0 | D:1      | mtsr the Gnoll Warper began the quest for the Orb.
     0 | D:1      | Reached XP level 1. HP: 20/20 MP: 6/6
   474 | D:1      | Noticed a shining eye
   476 | D:1      | Found a faded altar of an unknown god.
   477 | D:1      | Noticed a great orb of eyes
   477 | D:1      | Noticed a shining eye
   477 | D:1      | Noticed a shining eye
   482 | D:1      | Prayed at the altar of an unknown god.
   482 | D:1      | Became a worshipper of Dithmenos the Shadowed
   482 | D:1      | Reached * piety under Dithmenos
   773 | D:2      | Reached XP level 2. HP: 24/26 MP: 7/7
   776 | D:2      | Learned a level 2 spell: Blink
  1022 | D:2      | Reached skill level 5 in Spellcasting
  1022 | D:2      | Reached XP level 3. HP: 12/31 MP: 7/9
  1426 | D:2      | Reached skill level 1 in Invocations
  1797 | D:2      | Reached skill level 1 in Short Blades
  1797 | D:2      | Reached skill level 1 in Long Blades
  1797 | D:2      | Reached skill level 1 in Axes
  1797 | D:2      | Reached skill level 1 in Polearms
  1797 | D:2      | Reached skill level 1 in Staves
  1797 | D:2      | Reached skill level 1 in Ranged Weapons
  1797 | D:2      | Reached skill level 1 in Stealth
  1797 | D:2      | Reached skill level 1 in Shields
  1797 | D:2      | Reached skill level 1 in Unarmed Combat
  1797 | D:2      | Reached skill level 1 in Evocations
  2170 | D:2      | Reached XP level 4. HP: 34/38 MP: 11/11
  2509 | D:3      | Reached skill level 1 in Conjurations
  2509 | D:3      | Reached skill level 1 in Hexes
  2509 | D:3      | Reached skill level 1 in Summonings
  2509 | D:3      | Reached skill level 1 in Necromancy
  2509 | D:3      | Reached skill level 1 in Transmutations
  2509 | D:3      | Reached skill level 1 in Fire Magic
  2509 | D:3      | Reached skill level 1 in Ice Magic
  2509 | D:3      | Reached skill level 1 in Air Magic
  2509 | D:3      | Reached skill level 1 in Earth Magic
  2509 | D:3      | Reached skill level 1 in Poison Magic
  2530 | D:3      | Reached ** piety under Dithmenos
  2553 | D:3      | Noticed Terence
  2569 | D:3      | Slain by Terence

Illustrated notes

Levels and vault maps discovered:
D:1:      amcnicky_arrival_underground_garden, layout_basic,
          hellmonk_ecumenical_altar_watching_god, chequers_serial_rivers_small_3
D:2:      layout_basic, amcnicky_mini_rare_corridor_liquid, minivault_26
D:3:      layout_basic, minmay_rat_hole, uniq_terence

Skill      XL: |  1  2  3  4 |
---------------+-------------+-----
Spellcasting   | 5 |  5.1
Invocations    | 1 |  1.3
Short Blades   | 1 |  1.2
Long Blades    | 1 |  1.2
Axes           | 1 |  1.2
Polearms       | 1 |  1.2
Staves         | 1 |  1.2
Ranged Weapons | 1 |  1.2
Stealth        | 1 |  1.2
Shields        | 1 |  1.2
Unarmed Combat | 1 |  1.2
Evocations     | 1 |  1.2
Conjurations   | 1 |  1.0
Hexes          | 1 |  1.0
Summonings     | 1 |  1.0
Necromancy     | 1 |  1.0
Transmutations | 1 |  1.0
Fire Magic     | 1 |  1.0
Ice Magic      | 1 |  1.0
Air Magic      | 1 |  1.0
Earth Magic    | 1 |  1.0
Poison Magic   | 1 |  1.0
Fighting       | |  4.7
Maces & Flails | |  4.7
Throwing       | |  2.8
Armour         | |  2.8
Dodging        | |  4.7
Translocations | |  5.5

Action                   |  1- 3 |  4- 6 || total
-------------------------+-------+-------++-------
Melee: Mace              |    73 |    62 ||   135
       Bite              |     6 |     2 ||     8
       Punch             |       |     1 ||     1
  Use: Potion            |       |     2 ||     2
 Stab: Sleeping          |     1 |       ||     1
Armor: Leather armour    |    11 |    13 ||    24
Dodge: Dodged            |    52 |    50 ||   102
